 Dungeon Crawl Stone Soup version 0.16-a0-3105-gd90c058 (webtiles) character file.

25 Chiseanne the Magician (level 2, -4/21 HPs)
             Began as a Demonspawn Wanderer on Dec 12, 2014.
             Slain by a gnoll
             ... wielding a +0 flail
              (7 damage)
             ... on level 1 of the Dungeon.
             The game lasted 00:03:21 (1321 turns).

Chiseanne the Magician (Demonspawn Wanderer)        Turns: 1321, Time: 00:03:22

Health: -4/21      AC:  4    Str: 15    XL:     2   Next: 86%
Magic:  1/5        EV: 11    Int: 12    God:
Gold:   67         SH:  0    Dex: 10    Spells: 2 memorised, 3 levels left

rFire  . . .     SeeInvis .     c - +0 spear
rCold  . . .     Clarity  .     d - +0 robe
rNeg   . . .     SustAb   .     (no shield)
rPois  .         Gourm    .     (no helmet)
rElec  .         Spirit   .     (no cloak)
rCorr  .         Warding  .     (no gloves)
rMut   .         Stasis   .     (no boots)
MR     .....                    (no amulet)
Stlth  +.........               (no ring)
                                (no ring)

@: repel missiles, not resistant to hostile enchantments, very unstealthy
A: yellow scales 1
a: no special abilities


You were on level 1 of the Dungeon.
You were not hungry.

You visited 1 branch of the dungeon, and saw 1 of its levels.

You collected 67 gold pieces.

Inventory:

Hand weapons
 c - a +0 spear (weapon)
Missiles
 e - 25 stones (quivered)
 i - 2 throwing nets
Armour
 d - a +0 robe (worn)
Jewellery
 j - an uncursed amulet of resist corrosion {unknown}
Potions
 g - a potion of restore abilities
Books
 a - a book of Minor Magic

   Spells                             Type                      Level
   a - Magic Dart                     Conjuration                  1
   b - Blink                          Translocation                2
   c - Call Imp                       Summoning                    2
   d - Repel Missiles                 Charms/Air                   2
   e - Slow                           Hexes                        2
   f - Conjure Flame                  Conjuration/Fire             3
   g - Mephitic Cloud                 Conjuration/Poison/Air       3
 b - the Almanac of the Falcon

   Spells                             Type                      Level
   a - Pain                           Necromancy                   1
   b - Corpse Rot                     Necromancy                   2
Comestibles
 f - a bread ration
 h - 3 fruits
 k - a meat ration


   Skills:
 - Level 1.0 Fighting
 - Level 1.7 Armour
 * Level 0.6 Dodging
 - Level 1.0 Stealth
 * Level 2.8 Spellcasting
 * Level 1.0 Conjurations
   Level 2.6 Fire Magic
   Level 1.0 Evocations


You had 3 spell levels left.
You knew the following spells:

 Your Spells              Type           Power        Failure   Level  Hunger
a - Magic Dart            Conj           #...         17%         1    #......
b - Repel Missiles        Chrm/Air       #.....       38%         2    ###....


Dungeon Overview and Level Annotations

Branches:
Dungeon (1/15)

Altars:


Innate Abilities, Weirdness & Mutations

You are partially covered in yellow scales (AC +2).


Message History

Press: ? - help, Shift-Dir - straight line, f/p - gnoll
Aim: a gnoll, wielding a flail (moderately wounded)
The magic dart hits the gnoll.
The gnoll is moderately wounded.
The gnoll barely misses you.
You hit the gnoll.
The gnoll is heavily wounded.
The gnoll barely misses you.
You barely miss the gnoll.
The gnoll is heavily wounded.
The gnoll barely misses you.
You hit the gnoll.
The gnoll is severely wounded.
The gnoll hits you with a flail!
Ouch! That really hurt!
* * * LOW HITPOINT WARNING * * *
You hit the gnoll.
The gnoll is almost dead.
The gnoll hits you with a flail!
You die...

....#### ############### ......
#......# #......#......# #.....
#.####.###......#......#####)....
.........'......+................
#.####.###......#................
#.# #.##.......+.........#......
..# #.#........#.......#........
### #.#..##..#.###'#'###...###'#
## #.#..###.#.@g..........###.#
.# #.#..# #.#######.###........
.# #.#..# #..............####..
.# #.#..# ##..#####.##...##.#..
.# #.#..####..# #............ .#
#.#........###############.#
.#####.##.#####.#.............#.#
................#.............#.#
.......##.......#......<......#.#


You could see a gnoll.

Vanquished Creatures
  An adder (D:1)
  A giant cockroach (D:1)
  3 hobgoblins (D:1)
  A bat (D:1)
  A giant newt (D:1)
  5 goblins (D:1)
  2 kobolds (D:1)
  2 rats (D:1)
16 creatures vanquished.

Notes
Turn   | Place    | Note
--------------------------------------------------------------
     0 | D:1      | Chiseanne, the Demonspawn Wanderer, began the quest for the Orb.
     0 | D:1      | Chiseanne set off with: a book of Minor Magic, the Almanac of the Falcon, a +0 spear, a +0 robe, a bread ration
     0 | D:1      | Reached XP level 1. HP: 15/15 MP: 3/3
     0 | D:1      | Identified the Almanac of the Falcon
     2 | D:1      | Learned a level 1 spell: Magic Dart
   461 | D:1      | Gained mutation: You are partially covered in yellow scales (AC +2). [demonic ancestry]
   461 | D:1      | Reached XP level 2. HP: 12/21 MP: 0/5
  1136 | D:1      | Reached skill level 1 in Conjurations
  1186 | D:1      | Learned a level 2 spell: Repel Missiles
  1321 | D:1      | Slain by a gnoll

Action                   || total
-------------------------++-------
Melee: Spear             ||    30
 Cast: Magic Dart        ||    43
       Repel Missiles    ||     1
  Use: Scroll            ||     1
  Eat: Chunk             ||     2
